 Dungeon Crawl Stone Soup version 0.30.1-3-gfc49f6343a (webtiles) character file.

Game seed: 12697438780155610044

119 Destapler the Cleaver (level 5, -1/37 HPs)
             Began as a Gnoll Wanderer on July 28, 2023.
             Slain by an orc
             ... wielding a +0 trident
              (8 damage)
             ... on level 3 of the Dungeon on July 29, 2023.
             The game lasted 00:06:04 (1960 turns).

Destapler the Cleaver (Gnoll Wanderer)              Turns: 1960, Time: 00:06:04

Health: -1/37      AC:  4    Str: 13    XL:     5   Next: 3%
Magic:  12/12      EV: 11    Int: 11    God:
Gold:   83         SH:  0    Dex: 12    Spells: 13/14 levels left

rFire   . . .        a - +2 hand axe
rCold   . . .        (no shield)
rNeg    . . .        d - +0 leather armour
rPois   .            (no helmet)
rElec   .            (no cloak)
rCorr   .            n - +0 pair of gloves
SInv    .            (no boots)
Will    .....        (no amulet)
Stlth   ++           (no ring)
HPRegen 0.26/turn    (no ring)
MPRegen 0.13/turn

%: no passive effects
@: no status effects
A: fangs 1, strong nose, distributed training
a: no special abilities


You were on level 3 of the Dungeon.
You visited 1 branch of the dungeon, and saw 3 of its levels.

You collected 83 gold pieces.

Inventory:

Hand Weapons
 a - a +2 hand axe (weapon)
 b - a +0 sling
Missiles
 p - 5 poisoned darts
Armour
 d - a +0 leather armour (worn)
 n - a +0 pair of gloves (worn)
Scrolls
 c - a scroll of fear
 i - 2 scrolls of amnesia {unknown}
 j - 2 scrolls of noise {unknown}
 k - a scroll of teleportation {unknown}
 l - 2 scrolls of blinking {unknown}
 m - a scroll of identify {unknown}
 o - a scroll of enchant armour {unknown}
Potions
 e - a potion of haste {unknown}
 f - 2 potions of cancellation {unknown}
 g - a potion of flight {unknown}
 h - a potion of brilliance {unknown}
 q - a potion of magic {unknown}


   Skills:
 + Level 1.4 Fighting
 + Level 1.4 Short Blades
 + Level 1.4 Long Blades
 + Level 8.6 Axes
 + Level 1.4 Maces & Flails
 + Level 1.4 Polearms
 + Level 1.4 Staves
 + Level 1.4 Ranged Weapons
 + Level 1.4 Throwing
 + Level 2.9 Armour
 + Level 1.4 Dodging
 + Level 2.7 Stealth
 + Level 1.4 Shields
 + Level 1.4 Unarmed Combat
 + Level 5.1 Spellcasting
 + Level 1.1 Conjurations
 + Level 2.3 Hexes
 + Level 1.1 Summonings
 + Level 1.1 Necromancy
 + Level 1.1 Translocations
 + Level 1.1 Transmutations
 + Level 1.1 Fire Magic
 + Level 1.1 Ice Magic
 + Level 1.1 Air Magic
 + Level 1.1 Earth Magic
 + Level 1.1 Poison Magic
 + Level 3.0 Invocations
 + Level 1.4 Evocations


You had 13 spell levels left.
You knew the following spells:

 Your Spells              Type           Power      Damage    Failure   Level
a - Slow                  Hex            32%        N/A       10%         1

Your spell library contained the following spells:

 Spells                   Type           Power      Damage    Failure   Level
 Cigotuvi's Dreadful Rot  Necr/Pois/Air  10%        N/A       26%         2
 Confusing Touch          Hex            8%         N/A       30%         3
 Ignite Poison            Fire/Tmut/Pois 5%         N/A       45%         3
 Freezing Cloud           Conj/Ice/Air   2%         6-21      99%         5


Dungeon Overview and Level Annotations

Branches:
Dungeon (3/15)

Altars:


Innate Abilities, Weirdness & Mutations

You have very sharp teeth.
Your uncanny sense of smell can sniff out nearby items.
Your experience applies equally to all skills.


Message History

The orc hits you from afar with a +0 trident!
Your Invocations skill increases to level 3!
You have reached level 5!
Found a stone staircase leading up.
The orc closely misses you.
An endoplasm comes into view.
Things that are here:
a +0 hand axe; a +0 leather armour; an orc corpse You closely miss the orc.
The endoplasm quivers.
You bite the orc, but do no damage. You barely miss something.
Something hits you. The orc hits you with a +0 trident.
* * * LOW HITPOINT WARNING * * *
As you read the scroll of fear, it crumbles to dust.
You assume a fearsome visage.
The endoplasm looks frightened!
The orc looks frightened!
The rat looks frightened!
You strike the helpless orc from behind!
You hit the orc but do no damage.
Your attack snaps the orc out of its fear.
The orc hits you with a +0 trident.
* * * LOW HITPOINT WARNING * * *
You hit the orc but do no damage. You punch the orc, but do no damage.
Your bite misses the orc. The orc hits you with a +0 trident.
* * * LOW HITPOINT WARNING * * *
You hit the orc.
The orc is heavily wounded.
You barely miss the orc. Your punch misses the orc.
The orc is heavily wounded.
The orc barely misses you.
You hit the orc but do no damage. You bite the orc, but do no damage.
The orc is heavily wounded.
The orc hits you with a +0 trident.
* * * LOW HITPOINT WARNING * * *
You hit the orc.
The orc is severely wounded.
The orc hits you with a +0 trident!
* * * LOW HITPOINT WARNING * * *
You closely miss the orc. You bite the orc, but do no damage.
The orc is severely wounded.
The orc hits you with a +0 trident!
You die...

#..##.##.#...#.#
#..#...#...!...#
#..$......)..#.#
##.#..?.....##.
#.##..)##......
#......##...##.
##.##........#
###.#...........
.......@..#...#.
###.#.o.#.# .##
...##.##... ..
#<. .. ...... ##
##. ...... .#
.#### . ..


You could see an orc.

Vanquished Creatures
  An orc priest (D:3)
  3 adders
  3 worms (D:2)
  A dart slug (D:2)
  An orc (D:3)
  6 endoplasms
  5 giant cockroaches
  5 goblins
  5 hobgoblins
  2 quokkas
  4 ball pythons
  6 bats
  2 frilled lizards (D:2)
  3 kobolds
  2 rats
49 creatures vanquished.

Notes
Turn   | Place    | Note
-------+----------+-------------------------------------------
     0 | D:1      | Destapler the Gnoll Wanderer began the quest for the Orb.
     0 | D:1      | Destapler set off with the following items: a +2 hand axe,
                  | a +0 pair of gloves, a scroll of fear, a +0 leather armour;
                  | and the following spell memorised: Slow; and the following
                  | spells available to memorise: Confusing Touch.
     0 | D:1      | Reached XP level 1. HP: 13/13 MP: 6/6
   363 | D:1      | Reached XP level 2. HP: 19/19 MP: 7/7
  1016 | D:2      | Reached skill level 5 in Spellcasting
  1016 | D:2      | Reached XP level 3. HP: 19/25 MP: 5/9
  1321 | D:2      | Reached skill level 1 in Fighting
  1321 | D:2      | Reached skill level 1 in Short Blades
  1321 | D:2      | Reached skill level 1 in Long Blades
  1321 | D:2      | Reached skill level 1 in Maces & Flails
  1321 | D:2      | Reached skill level 1 in Polearms
  1321 | D:2      | Reached skill level 1 in Staves
  1321 | D:2      | Reached skill level 1 in Ranged Weapons
  1321 | D:2      | Reached skill level 1 in Throwing
  1321 | D:2      | Reached skill level 1 in Dodging
  1321 | D:2      | Reached skill level 1 in Shields
  1321 | D:2      | Reached skill level 1 in Unarmed Combat
  1321 | D:2      | Reached skill level 1 in Evocations
  1336 | D:2      | Reached XP level 4. HP: 30/32 MP: 11/11
  1828 | D:3      | Reached skill level 1 in Conjurations
  1828 | D:3      | Reached skill level 1 in Summonings
  1828 | D:3      | Reached skill level 1 in Necromancy
  1828 | D:3      | Reached skill level 1 in Translocations
  1828 | D:3      | Reached skill level 1 in Transmutations
  1828 | D:3      | Reached skill level 1 in Fire Magic
  1828 | D:3      | Reached skill level 1 in Ice Magic
  1828 | D:3      | Reached skill level 1 in Air Magic
  1828 | D:3      | Reached skill level 1 in Earth Magic
  1828 | D:3      | Reached skill level 1 in Poison Magic
  1947 | D:3      | Reached XP level 5. HP: 24/37 MP: 12/12
  1960 | D:3      | Slain by an orc

Illustrated notes

Levels and vault maps discovered:
D:1:      dpeg_arrival_houses_and_road, layout_loops_ring,
          palyth_stone_intersect, roderic_lattice_a
D:2:      layout_basic, st_stairs_3, wad_floor_pattern_1, due_unseen_surprise
D:3:      layout_basic, hangedman_decor_clover_reticule, uniq_robin

Skill      XL: |  1  2  3  4 |
---------------+-------------+-----
Hexes          | 2 |  2.3
Spellcasting   | 5 |  5.1
Fighting       | 1 |  1.4
Short Blades   | 1 |  1.4
Long Blades    | 1 |  1.4
Maces & Flails | 1 |  1.4
Polearms       | 1 |  1.4
Staves         | 1 |  1.4
Ranged Weapons | 1 |  1.4
Throwing       | 1 |  1.4
Dodging        | 1 |  1.4
Shields        | 1 |  1.4
Unarmed Combat | 1 |  1.4
Evocations     | 1 |  1.4
Conjurations   | 1 |  1.1
Summonings     | 1 |  1.1
Necromancy     | 1 |  1.1
Translocations | 1 |  1.1
Transmutations | 1 |  1.1
Fire Magic     | 1 |  1.1
Ice Magic      | 1 |  1.1
Air Magic      | 1 |  1.1
Earth Magic    | 1 |  1.1
Poison Magic   | 1 |  1.1
Invocations    | 3 |  3.0
Axes           | |  8.6
Armour         | |  2.9
Stealth        | |  2.7

Action                     |  1- 3 |  4- 6 || total
---------------------------+-------+-------++-------
  Melee: Hand axe          |   108 |    63 ||   171
         Bite              |    16 |    11 ||    27
         Punch             |     2 |     2 ||     4
   Fire: Sling             |    18 |       ||    18
   Cast: Slow              |     2 |       ||     2
    Use: Scroll            |       |     1 ||     1
   Stab: Sleeping          |     9 |     2 ||    11
         Fleeing           |       |     1 ||     1
 Armour: Leather armour    |    35 |    12 ||    47
  Dodge: Dodged            |    44 |    25 ||    69
